 Dungeon Crawl Stone Soup version 0.26-a0-639-g72c4674329 (webtiles) character file.

Game seed: 5829881191341875769

400 MrRokkomies the Magician (level 6, -1/48 HPs)
             Began as a Demigod Wanderer on Sept 16, 2020.
             Slain by a centaur (4 damage)
             ... on level 5 of the Dungeon.
             The game lasted 00:11:24 (5239 turns).

MrRokkomies the Magician (Demigod Wanderer)         Turns: 5239, Time: 00:11:25

Health: -1/48      AC:  4    Str: 17    XL:     6   Next: 28%
Magic:  9/14       EV: 13    Int: 18    God:
Gold:   285        SH:  0    Dex: 15    Spells: 6/12 levels left

rFire    . . .     SeeInvis .   a - +1 dagger (elec)
rCold    . . .     Faith    .   (no shield)
rNeg     . . .     Spirit   .   d - +0 robe
rPois    .         Reflect  .   i - +0 helmet
rElec    .         Harm     .   (no cloak)
rCorr    .         Rampage  .   j - +0 pair of gloves
MR       .....                  (no boots)
Stlth    +.........             n - amulet of the acrobat
HPRegen  0.16/turn              (no ring)
MPRegen  0.14/turn              (no ring)

@: about to teleport, very slightly contaminated, invisible
A: high mp 1
a: no special abilities


You were on level 5 of the Dungeon.
You visited 1 branch of the dungeon, and saw 5 of its levels.

You collected 285 gold pieces.

Inventory:

Hand Weapons
 a - a +1 dagger of electrocution (weapon)
Missiles
 m - 13 poisoned darts (quivered)
Armour
 d - a +0 robe (worn)
 i - a +0 helmet (worn)
 j - a +0 pair of gloves (worn)
Jewellery
 n - an amulet of the acrobat (around neck)
 q - an uncursed amulet of magic regeneration {unknown}
Wands
 c - a wand of random effects (15)
Scrolls
 b - a scroll of teleportation
 e - 2 scrolls of identify
 l - a scroll of amnesia


   Skills:
 + Level 2.1 Fighting
 * Level 3.3 Dodging
 + Level 3.5 Spellcasting
 - Level 2.6 Conjurations
   Level 1.0 Translocations
 * Level 3.5 Air Magic
 - Level 1.7 Evocations


You had 6 spell levels left.
You knew the following spells:

 Your Spells              Type           Power        Failure   Level
a - Shock                 Conj/Air       ##..         4%          1
b - Swiftness             Air            ###.....     5%          2
c - Static Discharge      Conj/Air       ##......     13%         3

Your spell library contained the following spells:

 Spells                   Type           Power        Failure   Level
 Corona                   Hex            #......      16%         1
 Ensorcelled Hibernation  Hex/Ice        #.....       24%         2
 Dazzling Flash           Conj/Hex       #.....       26%         3
 Airstrike                Air            ###.......   36%         4
 Confusing Touch          Hex            #.......     43%         3
 Tukima's Dance           Hex            #.......     43%         3
 Lightning Bolt           Conj/Air       ##........   77%         5


Dungeon Overview and Level Annotations

Branches:
Dungeon (5/15)             Temple (0/1) D:4

Shops:
D:4 (

Annotations:
D:5 Eustachio


Innate Abilities, Weirdness & Mutations

You have an increased reservoir of magic. (+10% MP)


Message History

The orc hits you with a +0 dagger.
The centaur unwields a +0 shortbow.
The centaur hits you.
* * * LOW HITPOINT WARNING * * *
Unknown command.
You feel better. The centaur hits you!
* * * LOW HITPOINT WARNING * * *
The orc hits you with a +0 dagger.
* * * LOW HITPOINT WARNING * * *
The orc closely misses you.
The orc wizard hits you with a +0 dagger.
* * * LOW HITPOINT WARNING * * *
As you read the scroll of teleportation, it crumbles to dust.
You feel strangely unstable.
The centaur hits you but does no damage.
The orc hits you with a +0 dagger.
* * * LOW HITPOINT WARNING * * *
The orc hits you but does no damage.
You fade into invisibility!
The centaur hits you.
You die...

#. #....>...#
. .........#
#.#<.......#
##.#........#
....o......#
#.........#
#.o.c.....#
#.o@o.....#
#...>.....#
#.........#
###########


You could see a centaur, 2 orc wizards and 2 orcs.

Vanquished Creatures
  A howler monkey (D:4)
  4 orc wizards
  2 worker ants (D:4)
  A howler monkey skeleton (D:4)
  3 gnolls (D:2)
  An adder (D:4)
  A shadow imp (D:4)
  An ooze (D:1)
  2 dart slugs
  4 worms
  5 leopard geckos
  14 orcs
  6 bats
  16 giant cockroaches
  8 goblins
  10 hobgoblins
  5 jackals
  11 kobolds
  2 quokkas
  A ball python (D:3)
  6 frilled lizards
  10 rats
114 creatures vanquished.

Notes
Turn   | Place    | Note
-------+----------+-------------------------------------------
     0 | D:1      | MrRokkomies the Demigod Wanderer began the quest for the
                  | Orb.
     0 | D:1      | MrRokkomies set off with the following items: a +0 club, a
                  | scroll of teleportation, a wand of random effects (15), a
                  | +0 robe; and the following spell memorised: Shock; and the
                  | following spells available to memorise: Swiftness, Static
                  | Discharge, Airstrike, Lightning Bolt
     0 | D:1      | Reached XP level 1. HP: 14/14 MP: 6/6
   185 | D:1      | Reached XP level 2. HP: 22/22 MP: 4/8
   315 | D:1      | Reached skill level 1 in Dodging
   786 | D:1      | Reached XP level 3. HP: 19/27 MP: 5/10
  1453 | D:2      | Reached skill level 1 in Fighting
  2411 | D:2      | Reached XP level 4. HP: 27/35 MP: 9/11
  2817 | D:3      | Noticed a +0 hand axe
  2817 | D:3      | Noticed a +0 dagger
  2824 | D:3      | Found a hide-covered altar of Uskayaw.
  3192 | D:3      | Found a white marble altar of Elyvilon.
  3231 | D:3      | Learned a level 2 spell: Swiftness
  3235 | D:3      | Learned a level 3 spell: Static Discharge
  3789 | D:3      | Reached XP level 5. HP: 30/40 MP: 1/12
  4321 | D:4      | Reached XP level 6. HP: 19/48 MP: 0/14
  4664 | D:4      | Found Kufixiy's Weapon Shoppe.
  4806 | D:4      | Found a staircase to the Ecumenical Temple.
  4917 | D:4      | Found an opulent altar of Gozag.
  5195 | D:5      | Entered Level 5 of the Dungeon
  5195 | D:5      | Noticed Eustachio
  5239 | D:5      | Slain by a centaur

Illustrated notes

Levels and vault maps discovered:
D:1:      lightli_arrival_statue_moat, layout_rooms, minmay_distorted
D:2:      layout_basic
D:3:      minmay_roachtagon, layout_loops_ring, dancing_weapons_uskayaw,
          old_standard_altar, kennysheep_cross_bottleneck
D:4:      layout_loops_ring, kennysheep_little_box,
          minmay_temple_entry_antechambers, serial_shops,
          nicolae_shop_competitors_out_of_business
D:5:      layout_rooms, portal_sewer_entry_c, uniq_eustachio

Skill      XL: |  1  2  3  4  5 |
---------------+----------------+-----
Dodging        | 1 2 3 |  3.3
Air Magic      | 2 3 |  3.5
Spellcasting   | 3 |  3.5
Fighting       | 1 2 |  2.1
Conjurations   | |  2.6
Translocations | |  1.0
Evocations     | |  1.7

Action                   |  1- 3 |  4- 6 || total
-------------------------+-------+-------++-------
Melee: Club              |     4 |       ||     4
       Short sword       |    43 |    68 ||   111
       Dagger            |     1 |    68 ||    69
 Cast: Shock             |    77 |    56 ||   133
       Static Discharge  |       |     4 ||     4
  Use: Scroll            |       |     8 ||     8
       Potion            |       |     2 ||     2
 Stab: Sleeping          |     1 |     3 ||     4
Armor: Robe              |    22 |    40 ||    62
Dodge: Dodged            |    59 |   132 ||   191

Table legend: (Time is in decaauts)
 A = Elapsed time spent in this place.
 B = Non-inter-level travel time spent in this place.
 C = Inter-level travel time spent in this place.
 D = Time resting spent in this place.
 E = Time spent auto-exploring this place.
 F = Levels seen in this place.
 G = Mean time per level.
                   A        B        C        D        E       F      G
               +--------+--------+--------+--------+--------+-----+--------+
         Total |   5250 |   5106 |    144 |    344 |   4004 |   5 | 1050.0 |
       Dungeon |   5250 |   5106 |    144 |    344 |   4004 |   5 | 1050.0 |
               +--------+--------+--------+--------+--------+-----+--------+

Top non-repeatable levels by time:
     D:2: 1573 daAuts
     D:3: 1345 daAuts
     D:4: 1191 daAuts
     D:1: 1129 daAuts
     D:5: 10 daAuts
